 Dungeon Crawl Stone Soup version 0.28.0-43-g3370ac3207 (webtiles) character file.

Game seed: 8314854276919532465

2301 croobank the Grappler (level 9, -2/93 HPs)
             Began as a Troll Cinder Acolyte on Mar 6, 2022.
             Was a High Priest of Ignis.
             Slain by an orc warrior
             ... wielding a +0 broad axe
              (13 damage)
             ... on level 7 of the Dungeon.
             The game lasted 00:30:00 (5021 turns).

croobank the Grappler (Troll Cinder Acolyte)        Turns: 5021, Time: 00:30:01

Health: -2/93      AC: 25    Str: 28    XL:     9   Next: 17%
Magic:  10/10      EV:  9    Int: 10    God:    Ignis [*****.]
Gold:   300        SH:  0    Dex:  5    Spells: 11/11 levels left

rFire   + . .      SeeInvis .   m - +4 mace (protect)
rCold   . . .      Faith    .   (no shield)
rNeg    . . .      Spirit   .   o - +1 robe {Will+}
rPois   +          Reflect  .   (helmet restricted)
rElec   .          Harm     .   l - +1 cloak
rCorr   .          Rampage  .   (gloves unavailable)
Will    +....                   (boots unavailable)
Stlth   +.........              (no amulet)
HPRegen 1.05/turn               b - +4 ring of protection
MPRegen 0.12/turn               d - ring of poison resistance

@: under a protective aura, fiery-armoured
A: large, unfitting armour, claws 3, regeneration 1, shaggy fur 1, tough skin 1
a: Renounce Religion, Fiery Armour, Foxfire Swarm, Rising Flame


You were on level 7 of the Dungeon.
You worshipped Ignis.
Ignis was extremely pleased with you.
You visited 1 branch of the dungeon, and saw 7 of its levels.
You also visited: Bailey.

You collected 300 gold pieces.

Inventory:

Hand Weapons
 k - a +3 quarterstaff of chaos
 m - a +4 mace of protection (weapon)
 n - a +2 short sword of draining
 q - a +0 hunting sling
 t - a +0 dagger of speed
 v - a +0 war axe
 C - a +2 dagger of venom
Missiles
 c - 8 large rocks (quivered)
 e - 138 arrows
 g - 102 stones
 h - 38 sling bullets
 i - 4 javelins
 F - 4 curare-tipped darts
 G - 15 boomerangs
Armour
 a - a +0 robe
 l - a +1 cloak (worn)
 o - a +1 robe of willpower (worn)
Jewellery
 b - a +4 ring of protection (left claw)
 d - a ring of poison resistance (right claw)
 s - a ring of protection from cold
Wands
 B - a wand of flame (27)
 D - a wand of mindburst (12)
Scrolls
 p - a scroll of torment
 w - a scroll of noise
 y - a scroll of enchant armour {unknown}
 E - a scroll of brand weapon {unknown}
Potions
 f - a potion of flight
 j - a potion of degeneration
 r - a potion of brilliance {unknown}
 u - 2 potions of magic
 x - a potion of attraction
 z - a potion of mutation


   Skills:
 + Level 7.5 Fighting
 + Level 9.0 Unarmed Combat
 - Level 1.5 Spellcasting
 - Level 2.7 Fire Magic


You had 11 spell levels left.
You didn't know any spells.
Your spell library contained the following spells:

 Spells                   Type           Power      Damage    Failure   Level
 Scorch                   Fire           12%        2d5       16%         2
 Conjure Flame            Conj/Fire      3%         6-21      50%         3
 Ignite Poison            Fire/Tmut/Pois 2%         N/A       56%         3
 Sticky Flame             Conj/Fire      3%         2d3       88%         4


Dungeon Overview and Level Annotations

Branches:
Dungeon (7/15)             Temple (0/1) D:4          Bailey (visited)

Altars:
Ashenzari
Elyvilon
Fedhas
Gozag
Hepliaklqana
Ru
Trog
Uskayaw
Vehumet

Shops:
D:6 *


Innate Abilities, Weirdness & Mutations

You are too large for most types of armour.
You have claws for hands.
Your natural rate of healing is unusually fast.
You are covered in fur. (AC +1)
You have tough skin. (AC +1)


Message History

* * * LOW HITPOINT WARNING * * *
You see here a kobold corpse.
A hobgoblin comes into view. It is wielding a +0 hand axe.
Things that are here:
a +0 hand axe; a +0 leather armour; an orc corpse The hobgoblin shouts!
You hear a shout!
A kobold comes into view.
The orc warrior shouts!
The kobold shouts!
There is a gate leading back out of this place here.
Welcome back to the Dungeon!
There is an empty arch of ancient stone here.
You hit the orc warrior.
Your weapon exudes an aura of protection.
The orc warrior is moderately wounded.
The orc warrior hits you with a +0 broad axe!
* * * LOW HITPOINT WARNING * * *
The orc warrior hits you with a +0 broad axe!
* * * LOW HITPOINT WARNING * * *
Okay, then.
A protective cloak of flame settles atop you.
The orc warrior hits you but does no damage.
The orc warrior is burned by your cloak of flames.
The orc warrior is heavily wounded.
You barely miss the orc warrior.
The orc warrior is heavily wounded.
The orc warrior hits you but does no damage.
The orc warrior is burned by your cloak of flames.
The orc warrior is severely wounded.
You barely miss the orc warrior.
The orc warrior is severely wounded.
The orc warrior barely misses you. The orc warrior closely misses you.
You sock the orc warrior!
Your weapon exudes an aura of protection.
The orc warrior is almost dead.
The orc warrior barely misses you.
You closely miss the orc warrior.
The orc warrior is almost dead.
The orc warrior hits you with a +0 broad axe!
You die...

#†# #.....# #........
#.#........#.....# #........#
#.#........##...######........#
#.#........+........#.........+
..#........####..##.#.........#
###.................#.........#
..#.........≈≈≈≈≈≈≈.#.........+
#.#.........≈≈####≈.#.........#
#.#.........≈≈#.@#≈.#<#'######
#.###'####..≈≈†o.#≈.###.#
#.#...# #..≈≈†..#≈.....#
#.##.## #..≈≈'..#≈.##### #....#
#..≈≈#.>#≈.# ######
#..≈≈####≈.# #..≈≈≈ ≈≈.#
#..........# ############


You could see an orc warrior.

Vanquished Creatures
  A wyvern (D:4)
  Sigmund (D:5)
  An orc warrior (Bailey)
  3 sky beasts
  A black bear (D:6)
  A necrophage (D:6)
  2 ogres
  2 centaurs (D:6)
  2 phantoms
  Blork the orc (D:5)
  A kobold brigand (D:6)
  3 scorpions
  A hound (D:5)
  A centaur zombie (D:6)
  A jelly (D:6)
  Crazy Yiuf (D:2)
  An orc priest (D:4)
  A gnoll shaman (D:6)
  2 iguanas
  3 orc wizards
  Natasha (twice) (D:2)
  A killer bee zombie (D:6)
  A hound skeleton (D:4)
  9 adders
  4 gnolls
  A worm (D:5)
  A dart slug (D:4)
  25 orcs
  10 endoplasms
  5 giant cockroaches
  15 goblins
  9 hobgoblins
  3 jackals (D:2)
  4 ball pythons
  6 bats
  4 frilled lizards
  24 kobolds
  3 rats
157 creatures vanquished.

Notes
Turn   | Place    | Note
-------+----------+-------------------------------------------
     0 | D:1      | croobank the Troll Cinder Acolyte began the quest for the
                  | Orb.
     0 | D:1      | Reached XP level 1. HP: 22/22 MP: 1/1
   124 | D:1      | Reached XP level 2. HP: 29/29 MP: 2/2
   434 | D:1      | Found a faded altar of an unknown god.
   960 | D:2      | Reached XP level 3. HP: 33/36 MP: 3/3
  1239 | D:2      | Found a runed translucent door.
  1240 | D:2      | Noticed Crazy Yiuf
  1247 | D:2      | Killed Crazy Yiuf
  1337 | D:2      | Noticed Natasha
  1343 | D:2      | Killed Natasha
  1344 | D:2      | Reached XP level 4. HP: 35/45 MP: 5/5
  1505 | D:2      | Noticed Natasha
  1514 | D:2      | Killed Natasha
  1693 | D:3      | Reached skill level 4 in Unarmed Combat
  1738 | D:3      | Found a bloodstained altar of Trog.
  1799 | D:3      | Reached XP level 5. HP: 53/53 MP: 6/6
  2052 | D:3      | Found a sacrificial altar of Ru.
  2469 | D:4      | Found a staircase to the Ecumenical Temple.
  2567 | D:4      | Noticed an ogre
  2575 | D:5      | Entered Level 5 of the Dungeon
  2575 | D:5      | Noticed Sigmund
  2575 | D:5      | Noticed Blork the orc
  2582 | D:4      | Killed an ogre
  2583 | D:4      | Reached XP level 6. HP: 30/62 MP: 7/7
  2589 | D:4      | Reached skill level 5 in Unarmed Combat
  2803 | D:4      | Noticed a wyvern
  2805 | D:4      | Killed a wyvern
  2806 | D:4      | Reached XP level 7. HP: 71/71 MP: 8/8
  3154 | D:5      | Reached skill level 5 in Fighting
  3154 | D:5      | Reached skill level 6 in Unarmed Combat
  3176 | D:5      | Found an opulent altar of Gozag.
  3182 | D:5      | Killed Sigmund
  3228 | D:5      | Killed Blork the orc
  3229 | D:5      | Reached skill level 7 in Unarmed Combat
  3229 | D:5      | Reached XP level 8. HP: 32/83 MP: 9/9
  3461 | D:5      | Found a radiant altar of Vehumet.
  3487 | D:5      | Found a blossoming altar of Fedhas.
  3692 | D:6      | Found Fyrir's Hallowed Reliquary.
  3698 | D:6      | Noticed an angel
  3712 | D:6      | Reached skill level 8 in Unarmed Combat
  4170 | D:6      | Reached XP level 9. HP: 93/93 MP: 10/10
  4732 | D:5      | Found a hazy altar of Hepliaklqana.
  4734 | D:5      | Found a broken altar of Ashenzari.
  4735 | D:5      | Found a hide-covered altar of Uskayaw.
  4737 | D:5      | Found a white marble altar of Elyvilon.
  4872 | D:7      | Found a flagged portal.
  4896 | Bailey   | Entered a bailey
  4988 | Bailey   | Reached skill level 9 in Unarmed Combat
  5021 | D:7      | Slain by an orc warrior

Illustrated notes

Levels and vault maps discovered:
D:1:      eino_arrival_cavern_b, layout_basic, basic_ecumenical_altar,
          glass_columns_a, minivault_24
D:2:      layout_loops_ring, uniq_natasha, uniq_crazy_yiuf_cottage
D:3:      layout_loops_cross, mainiacjoe_overflow_concentric_impassable,
          mainiacjoe_overflow_small_starburst, hangedman_decor_push,
          hangedman_decor_points
D:4:      layout_basic, minmay_temple_entry_ruins, minmay_ogre_servants
D:5:      nicolae_cairo_tiling_large, layout_cave_pools,
          mainiacjoe_overflow_alcove_1, minitemple, corexii_leaking_fountain,
          uniq_sigmund, uniq_blork_the_orc
D:6:      layout_basic, gup_sewer_entry_glass, nicolae_good_shop
D:7:      layout_basic, mainiacjoe_overflow_24_doors, serial_shops,
          nicolae_shop_behind_doors, enter_bailey_4

Skill      XL: |  1  2  3  4  5  6  7  8  9 |
---------------+----------------------------+-----
Fighting       | 3 4 5 7 |  7.5
Unarmed Combat | 4 5 7 8 9 |  9.0
Spellcasting   | |  1.5
Fire Magic     | |  2.7

Action                   |  1- 3 |  4- 6 |  7- 9 || total
-------------------------+-------+-------+-------++-------
Melee: Unarmed           |    92 |       |       ||    92
       Mace              |     4 |   138 |   248 ||   390
       Punch             |       |     2 |     6 ||     8
Throw: Large rock        |     2 |    15 |    49 ||    66
Invok: Fiery Armour      |       |       |     2 ||     2
  Use: Potion            |     2 |     2 |     1 ||     5
       Scroll            |       |     4 |     6 ||    10
Armor: Robe              |    41 |   146 |   277 ||   464
       Skin              |     1 |       |       ||     1
Dodge: Dodged            |    36 |   113 |   225 ||   374
